 Dungeon Crawl Stone Soup version 0.31.0-12-g77e489cdc1 (webtiles) character file.

Game seed: 13497365787912472216

77 NotreDorf the Poker (level 4, -3/37 HPs)
             Began as a Merfolk Berserker on Feb 11, 2024.
             Was a Believer of Trog.
             Incinerated by a bombardier beetle (4 damage)
             ... with a burning spray
             ... on level 3 of the Dungeon.
             The game lasted 00:05:40 (1660 turns).

NotreDorf the Poker (Merfolk Berserker)             Turns: 1660, Time: 00:05:40

Health: -3/37      AC:  4    Str: 19    XL:     4   Next: 34%
Magic:  4/4        EV: 13    Int:  6    God:    Trog [**....]
Gold:   112        SH:  0    Dex: 13    Spells: 3/3 levels left

rFire   . . .        m - +0 trident
rCold   . . .        (no shield)
rNeg    . . .        d - +0 leather armour
rPois   .            (no helmet)
rElec   .            c - +0 cloak
rCorr   +            (no gloves)
SInv    .            (no boots)
Will    .....        (no amulet)
Stlth   +            k - ring of resist corrosion
HPRegen 0.26/turn    (no ring)
MPRegen 0.09/turn

%: no passive effects
@: on fire, glowing
A: (nimble swimmer 2), mertail
a: Renounce Religion, Berserk, Trog's Hand


You were on level 3 of the Dungeon.
You worshipped Trog.
Trog was pleased with you.
You visited 1 branch of the dungeon, and saw 3 of its levels.

You collected 112 gold pieces.

Inventory:

Hand Weapons
 a - a +0 spear
 m - a +0 trident (weapon)
Armour
 c - a +0 cloak (worn)
 d - a +0 leather armour (worn)
Jewellery
 k - a ring of resist corrosion (left hand)
 l - a ring of flight
Scrolls
 e - a scroll of amnesia {unknown}
 f - a scroll of enchant weapon {unknown}
 g - 2 scrolls of teleportation
 i - a scroll of identify {unknown}
Potions
 b - 2 potions of curing {unknown}
 h - a potion of heal wounds {unknown}
 j - a potion of invisibility {unknown}
 n - a potion of attraction {unknown}
 o - a potion of haste {unknown}


   Skills:
 + Level 4.1 Fighting
 + Level 4.9 Polearms
 - Level 1.4 Armour
 + Level 3.8 Dodging
 + Level 1.4 Stealth


You had 3 spell levels left.
You didn't know any spells.
Your spell library was empty.

Dungeon Overview and Level Annotations

Branches:
Dungeon (3/15)

Altars:


Innate Abilities, Weirdness & Mutations

((You are very nimble when in or above water. (Stealth+, EV+, Speed+++)))
Your lower body shifts to a powerful aquatic tail in water.


Message History

The bombardier beetle is almost dead.
You barely miss the bombardier beetle.
The bombardier beetle is almost dead.
The bombardier beetle closely misses you.
You barely miss the bombardier beetle.
The bombardier beetle is almost dead.
The bombardier beetle sprays incendiary fluid at you.
The burning spray hits you.
You are covered in liquid fire!
You hit the bombardier beetle but do no damage.
The bombardier beetle is almost dead.
The liquid fire burns you!
You barely miss the bombardier beetle.
The bombardier beetle is almost dead.
The liquid fire burns you!
The bombardier beetle sprays incendiary fluid at you.
The burning spray hits you.
You are even more covered in liquid fire!
You puncture the bombardier beetle!
You kill the bombardier beetle!
Trog accepts your kill. The liquid fire burns you!
Your Fighting skill increases to level 4!
Your Stealth skill increases to level 1!
You have reached level 4!
You are on fire!
You are on fire!
You are on fire!
You are on fire!
You are on fire!
You are on fire!
The liquid fire burns you! The liquid fire burns you!
The liquid fire burns you!
* * * LOW HITPOINT WARNING * * *
The liquid fire burns you!
* * * LOW HITPOINT WARNING * * *
You shake off some of the fire as you move.
The liquid fire burns you!
You die...

. .. ### ... #.. ... ##.#
...
######..################
#
.....>....@............##
#
......################..#
# ..... ##.## #### #..#
##.## #.## #.## #.## #.##


There were no monsters in sight!

Vanquished Creatures
  A bombardier beetle (D:3)
  A dart slug (D:1)
  A ribbon worm (D:2)
  An orc (D:3)
  4 endoplasms
  3 giant cockroaches
  2 hobgoblins (D:1)
  3 jackals (D:1)
  6 ball pythons
  5 bats
  3 frilled lizards
  4 kobolds
  3 rats
37 creatures vanquished.

Notes
Turn   | Place    | Note
-------+----------+-------------------------------------------
     0 | D:1      | NotreDorf the Merfolk Berserker began the quest for the
                  | Orb.
     0 | D:1      | Reached XP level 1. HP: 18/18 MP: 1/1
    66 | D:1      | Reached XP level 2. HP: 20/24 MP: 2/2
   363 | D:1      | Reached XP level 3. HP: 26/30 MP: 3/3
   629 | D:2      | Reached ** piety under Trog
   885 | D:2      | Identified the staff of the Poles {rElec rC++ Will+ Str+4
                  | Air}
  1656 | D:3      | Reached skill level 1 in Stealth
  1656 | D:3      | Reached XP level 4. HP: 21/37 MP: 4/4
  1659 | D:3      | HP: 1/37 [burnt (6)]
  1660 | D:3      | Incinerated by a bombardier beetle

Illustrated notes

Levels and vault maps discovered:
D:1:      sevenhm_arrival_forest_fort_small_4, layout_rooms
D:2:      layout_basic
D:3:      layout_basic, gammafunk_ghost_cemetery

Skill      XL: |  1  2  3 |
---------------+----------+-----
Dodging        | 3 |  3.8
Fighting       | 4 |  4.1
Stealth        | 1 |  1.4
Polearms       | |  4.9
Armour         | |  1.4

Action                     |  1- 3 |  4- 6 || total
---------------------------+-------+-------++-------
  Melee: Spear             |    98 |       ||    98
         Trident           |    25 |       ||    25
    Use: Scroll            |     1 |       ||     1
   Stab: Sleeping          |     2 |       ||     2
 Armour: Animal skin       |    12 |       ||    12
         Leather armour    |    23 |       ||    23
  Dodge: Dodged            |    45 |       ||    45
